 Dungeon Crawl Stone Soup version 0.29-a0-553-g81b289dbe5 (webtiles) character file.

Game seed: 9375259542870555842

13 Gwenloh the Ducker (level 2, -1/26 HPs)
             Began as a Gnoll Wanderer on June 5, 2022.
             Slain by a kobold
             ... wielding a +1 short sword of venom
              (2 damage)
             ... on level 1 of the Dungeon on June 7, 2022.
             The game lasted 00:03:29 (401 turns).

Gwenloh the Ducker (Gnoll Wanderer)                  Turns: 401, Time: 00:03:30

Health: -1/26      AC:  6    Str:  8    XL:     2   Next: 37%
Magic:  2/2        EV: 13    Int:  7    God:
Gold:   15         SH:  0    Dex: 18    Spells: 1/1 levels left

rFire   . . .      SeeInvis .   a - +0 quarterstaff (vorpal)
rCold   . . .      Faith    .   (shield currently unavailable)
rNeg    . . .      Spirit   .   f - +0 ring mail
rPois   .          Reflect  .   c - +0 helmet
rElec   .          Harm     .   (no cloak)
rCorr   .          Rampage  .   (no gloves)
Will    .....                   (no boots)
Stlth   ++........              (no amulet)
HPRegen 0.08/turn               (no ring)
MPRegen 0.08/turn               (no ring)

@: lethally poisoned (-1 -> -8)
A: fangs 1, strong nose, distributed training
a: no special abilities


You were on level 1 of the Dungeon.
You visited 1 branch of the dungeon, and saw 1 of its levels.

You collected 15 gold pieces.

Inventory:

Hand Weapons
 a - a +0 vorpal quarterstaff (weapon)
Missiles
 h - 28 stones (quivered)
Armour
 c - a +0 helmet (worn)
 e - a +0 leather armour
 f - a +0 ring mail (worn)
Scrolls
 d - a scroll of blinking
 g - a scroll of amnesia {unknown}
 i - a scroll of teleportation {unknown}
Potions
 b - a potion of lignification
 j - a potion of ambrosia {unknown}


   Skills:
 + Level 4.5 Fighting
 + Level 0.4 Short Blades
 + Level 0.4 Long Blades
 + Level 0.4 Axes
 + Level 0.4 Maces & Flails
 + Level 0.4 Polearms
 + Level 4.5 Staves
 + Level 0.4 Slings
 + Level 0.4 Bows
 + Level 0.4 Crossbows
 + Level 0.4 Throwing
 + Level 2.5 Armour
 + Level 6.5 Dodging
 + Level 2.2 Stealth
 + Level 0.4 Shields
 + Level 2.5 Unarmed Combat
 + Level 0.4 Spellcasting
 + Level 0.2 Conjurations
 + Level 0.2 Hexes
 + Level 0.2 Summonings
 + Level 0.2 Necromancy
 + Level 0.2 Translocations
 + Level 0.2 Transmutations
 + Level 0.2 Fire Magic
 + Level 0.2 Ice Magic
 + Level 0.2 Air Magic
 + Level 0.2 Earth Magic
 + Level 0.2 Poison Magic
 + Level 0.5 Invocations
 + Level 0.4 Evocations


You had one spell level left.
You didn't know any spells.
Your spell library contained the following spells:

 Spells                   Type           Power      Damage    Failure   Level
 Animate Dead             Necr           0%         N/A       100%        4
 Haunt                    Necr/Summ      0%         N/A       100%        7
 Infestation              Necr           0%         N/A       100%        8


Dungeon Overview and Level Annotations

Branches:
Dungeon (1/15)

Altars:


Innate Abilities, Weirdness & Mutations

You have very sharp teeth.
Your uncanny sense of smell can sniff out nearby items.
Your experience applies equally to all skills.


Message History

You throw a stone.
The stone hits the kobold but does no damage.
The kobold shouts!
You throw a stone. The stone barely misses the kobold.
No target in view!
Found a stone staircase leading down.
You throw a stone.
The stone hits the kobold but does no damage.
A rat comes into view.
You throw a stone. The stone barely misses the kobold.
The stone hits the rat.
The rat is moderately wounded.
You closely miss the kobold.
The kobold hits you with a +1 short sword of venom.
You closely miss the kobold.
The kobold hits you with a +1 short sword of venom.
You closely miss the kobold. The kobold closely misses you.
You closely miss the kobold. You bite the kobold, but do no damage.
The kobold barely misses you.
You closely miss the kobold.
The kobold hits you with a +1 short sword of venom.
You are poisoned.
The kobold attacks as you move away!
The kobold hits you with a +1 short sword of venom.
You are lethally poisoned!
You feel very sick.
You see here a +0 quarterstaff.
You barely miss the rat.
The rat is moderately wounded.
* * * LOW HITPOINT WARNING * * *
You feel very sick. The rat barely misses you. The rat closely misses you.
You hit the rat.
You kill the rat!
* * * LOW HITPOINT WARNING * * *
You feel very sick.
You barely miss the kobold.
* * * LOW HITPOINT WARNING * * *
You feel sick.
The kobold hits you with a +1 short sword of venom.
You die...

.(# . .(# . #(##.#
## .....#... #.
#(.#... #.#
#....###. #.#
#........ #.#
##K.......
#.###@#..####.
#.##.###.# #.#.##
#>## #..##### #.#
#.#.##.##.##
#.##.....#
#.##.....#####.. .
#.#............##.
##.##.......###...


You could see a kobold.

Vanquished Creatures
  A dart slug (D:1)
  An endoplasm (D:1)
  2 giant cockroaches (D:1)
  A hobgoblin (D:1)
  A quokka (D:1)
  A bat (D:1)
  A goblin (D:1)
  A kobold (D:1)
  2 rats (D:1)
11 creatures vanquished.

Notes
Turn   | Place    | Note
-------+----------+-------------------------------------------
     0 | D:1      | Gwenloh the Gnoll Wanderer began the quest for the Orb.
     0 | D:1      | Gwenloh set off with the following items: a +0 vorpal
                  | quarterstaff, a potion of lignification, a +0 helmet, a
                  | scroll of blinking, a +0 leather armour
     0 | D:1      | Reached XP level 1. HP: 20/20 MP: 1/1
     0 | D:1      | Upgraded the game from 0.29-a0-551-gffc1d7fb78 to
                  | 0.29-a0-553-g81b289dbe5
   175 | D:1      | Reached XP level 2. HP: 26/26 MP: 2/2
   401 | D:1      | HP: 1/26 [poisoned by a kobold]
   401 | D:1      | Slain by a kobold

Illustrated notes

Levels and vault maps discovered:
D:1:      wander_arrival_estate, layout_loops_ring, minmay_door_square

Action                   || total
-------------------------++-------
Melee: Quarterstaff      ||    27
       Bite              ||     2
Throw: Stone             ||    24
 Stab: Sleeping          ||     1
Armor: Ring mail         ||     4
Dodge: Dodged            ||    12

Table legend: (Time is in decaauts)
 A = Elapsed time spent in this place.
 B = Non-inter-level travel time spent in this place.
 C = Inter-level travel time spent in this place.
 D = Time resting spent in this place.
 E = Time spent auto-exploring this place.
 F = Levels seen in this place.
 G = Mean time per level.
                   A        B        C        D        E       F      G
               +--------+--------+--------+--------+--------+-----+--------+
         Total |    405 |    405 |      0 |      4 |    278 |   1 |  405.0 |
       Dungeon |    405 |    405 |      0 |      4 |    278 |   1 |  405.0 |
               +--------+--------+--------+--------+--------+-----+--------+

Top non-repeatable levels by time:
     D:1: 405 daAuts
